 Dungeon Crawl Stone Soup version 0.14.1-3-gd16b60d (webtiles) character file.

1885 Kae the Martial Artist (level 8, -2/59 HPs)
             Began as a Green Draconian Transmuter on May 20, 2014.
             Was a Follower of Sif Muna.
             Slain by an orange rat (4 damage)
             ... on Level 7 of the Dungeon.
             The game lasted 00:14:23 (9984 turns).

Kae the Martial Artist (Green Draconian Transmuter) Turns: 9984, Time: 00:14:23

HP  -2/59        AC  6     Str 12      XL: 8   Next: 80%
MP  12/13        EV 12     Int 14      God: Sif Muna [*.....]
Gold 115         SH  0     Dex 14      Spells:  3 memorised,  5 levels left

rFire  . . .     SeeInvis .     h - +1,+2 spear (venom)
rCold  . . .     Clarity  .     (armour unavailable)
rNeg   . . .     Conserve .     (no shield)
rPois  +         rCorr    .     (helmet restricted)
rElec  .         rRot     .     (no cloak)
SustAb . .       Spirit   .     (no gloves)
rMut   .         Warding  .     (no boots)
Saprov . . .     Stasis   .     (no amulet)
MR     .....                    (no ring)
                                (no ring)

@: appendage, drained, not resistant to hostile enchantments, unstealthy
A: breathe noxious fumes, unfitting armour, horns 2, poison resistance, spit
poison 1, wild magic 1, AC +6
a: Spit Poison, Breathe Noxious Fumes, End Transformation, Channel Energy,
Renounce Religion


You were on level 7 of the Dungeon.
You worshipped Sif Muna.
Sif Muna was aware of your devotion.
You were hungry.
You had grown temporary horns.
You visited 2 branches of the dungeon, and saw 8 of its levels.

You collected 257 gold pieces.
You spent 142 gold pieces at shops.

Inventory:

Hand weapons
 h - a +1,+2 spear of venom (weapon)
 z - a +2,-4 mace of protection
Missiles
 b - 27 arrows
 g - 9 darts (quivered)
Magical devices
 t - a wand of magic darts (2)
Comestibles
 a - 4 bread rations
 i - a pear
 l - 3 meat rations
 s - 6 strawberries
 w - a royal jelly
 x - a honeycomb
 G - a rotting chunk of rat flesh
 H - 3 cheeses
Scrolls
 n - a scroll of blinking {unknown}
 o - a scroll of silence {unknown}
 p - 5 scrolls of remove curse
 q - a scroll of random uselessness {unknown}
 r - a scroll of immolation {unknown}
 u - 2 scrolls of enchant armour {unknown}
 v - a scroll of enchant weapon I
 y - 5 scrolls of identify
 A - 2 scrolls of magic mapping
 B - 3 scrolls of teleportation
Jewellery
 f - an uncursed amulet of rage {unknown}
 D - a +5,+3 ring of slaying {unknown}
Potions
 c - 2 potions of brilliance
 e - a potion of restore abilities
 j - a potion of heal wounds
 k - 4 potions of curing
 m - 2 potions of agility
 C - a potion of mutation
 E - a potion of haste {unknown}
 F - a potion of invisibility {unknown}
Books
 d - a book of Changes

   Spells                             Type                      Level
   *Beastly Appendage                 Transmutation                1
   *Sticks to Snakes                  Transmutation                2
   *Spider Form                       Transmutation/Poison         3
   Ice Form                           Ice/Transmutation            4
   Blade Hands                        Transmutation                5


   Skills:
 - Level 1.1(0.8) Fighting
 - Level 1.7(1.4) Dodging
 * Level 9.8(9.4) Unarmed Combat
 - Level 2.0(1.7) Spellcasting
 + Level 6.7(6.3) Transmutations


You had 5 spell levels left.
You knew the following spells:

 Your Spells              Type           Power        Failure   Level  Hunger
a - Beastly Appendage     Trmt           ####..       5%          1    ##.....
b - Sticks to Snakes      Trmt           ####......   7%          2    ###....
c - Spider Form           Trmt/Pois      ###.......   34%         3    ####...


Dungeon Overview and Level Annotations

Branches:
Dungeon (7/15)             Temple (1/1) D:4

Altars:
Cheibriados
Fedhas
Kikubaaqudgha
Nemelex Xobeh
Sif Muna
Trog
Yredelemnul
Zin
The Shining One

Shops:
D:4 ?%?![

Annotations:
D:2 Sigmund


Innate Abilities, Weirdness & Mutations

You can breathe blasts of noxious fumes.*
Your lurid green scales are hard (AC +6).*
Your body does not fit into most forms of armour.
Your cold-blooded metabolism reacts poorly to cold.
Your system is resistant to poisons.*
You have a pair of horns on your head.*
You can spit poison.
Your spells are a little harder to cast, but a little more powerful.


Message History

You are too injured to fight recklessly!
You are too injured to fight recklessly!
You are too injured to fight recklessly!
You are too injured to fight recklessly!
Casting: Beastly Appendage
Confirm with . or Enter, or press ? or * to list all spells.
You grow a pair of large bovine horns.
The orange rat bites you but does no damage.
The orange rat barely misses you.
You barely miss the orange rat.
You punch the orange rat, but do no damage.
The orange rat completely misses you.
You closely miss the orange rat. The orange rat bites you!
* * * LOW HITPOINT WARNING * * *
You feel drained.
* * * LOW HITPOINT WARNING * * *
The orange rat bites you!
* * * LOW HITPOINT WARNING * * *
You closely miss the orange rat. The orange rat bites you.
You die...

# ####.###.# #( #.
#|###>#### #.
#.#######.#......###.
#.........>...##.##..
##..####.#.####.####
#.........##.......#
###.##...##.........
##.##..#..........
##@###..#....###...
#r## #..#...##y##..
#rr.##..#....###...
..r..#..##.........
#.....#..##...._...)
#%.%.%#...##).)....#
##%.%## ###..)###
##### #####


You could see an orange rat and a rat.

Vanquished Creatures
  2 black bears
  2 sky beasts
  An ogre (D:6)
  A centaur (D:5)
  A phantom (D:5)
  A giant frog (D:6)
  A scorpion (D:7)
  4 jellies (D:6)
  A crimson imp (D:5)
  3 hounds
  A goliath beetle (D:6)
  4 orc priests
  4 orc wizards
  A worker ant (D:5)
  3 iguanas
  15 adders
  4 gnolls (D:6)
  3 green rats (D:7)
  A giant mite (D:3)
  A shadow imp (D:6)
  3 worms
  An orc skeleton (D:4)
  2 giant eyeballs (D:5)
  5 giant geckos
  An ooze (D:3)
  17 orcs
  A ball python (D:3)
  7 giant cockroaches
  10 goblins
  11 hobgoblins
  17 jackals
  3 quokkas
  18 bats
  4 giant newts
  A giant newt zombie (D:1)
  A giant spore (D:6)
  A hobgoblin skeleton (D:4)
  A jackal skeleton (D:6)
  15 kobolds
  A kobold zombie (D:1)
  18 rats
  A rat skeleton (D:6)
  5 ballistomycetes (D:6)
198 creatures vanquished.

Vanquished Creatures (others)
  A giant spore (D:6)
1 creature vanquished.

Grand Total: 199 creatures vanquished

Notes
Turn   | Place    | Note
--------------------------------------------------------------
     0 | D:1      | Kae, the Draconian Transmuter, began the quest for the Orb.
     0 | D:1      | Reached XP level 1. HP: 16/16 MP: 3/3
   221 | D:1      | Reached XP level 2. HP: 4/23 MP: 2/4
   873 | D:1      | Reached XP level 3. HP: 7/28 MP: 4/6
  1294 | D:1      | Reached skill level 4 in Unarmed Combat
  1959 | D:2      | Noticed Sigmund
  2184 | D:2      | Reached XP level 4. HP: 33/35 MP: 7/7
  2795 | D:2      | Reached skill level 5 in Unarmed Combat
  2958 | D:2      | Reached XP level 5. HP: 14/40 MP: 9/9
  3900 | D:3      | Learned a level 2 spell: Sticks to Snakes
  3904 | D:3      | Learned a level 3 spell: Spider Form
  3914 | D:3      | Found a glowing golden altar of the Shining One.
  4503 | D:4      | Found Orghepuo's Magic Scroll Boutique.
  4548 | D:4      | Noticed a black bear
  4560 | D:4      | Killed a black bear
  4560 | D:4      | Reached skill level 6 in Unarmed Combat
  4560 | D:4      | Reached XP level 6. HP: 30/47 MP: 10/10
  4717 | D:4      | Found Wosm's Magic Scroll Emporium.
  4725 | D:4      | Bought a scroll of identify for 28 gold pieces
  5051 | D:4      | Found a staircase to the Ecumenical Temple.
  5060 | D:4      | Found Lucwep's Antique Armour Emporium.
  5074 | Temple   | Entered the Ecumenical Temple
  5078 | Temple   | Became a worshipper of Sif Muna the Loreminder
  5153 | D:4      | Found Fannam's Distillery.
  5156 | D:4      | Bought 2 potions of curing for 48 gold pieces
  5156 | D:4      | Bought a potion of heal wounds for 36 gold pieces
  5156 | D:4      | Bought a potion of mutation for 30 gold pieces
  5180 | D:4      | Paralysed by a potion of paralysis for 7 turns
  5187 | D:4      | Gained mutation: You can spit poison. [potion of beneficial mutation]
  5220 | D:4      | Found Bames' Food Shoppe.
  5367 | D:5      | Entered Level 5 of the Dungeon
  5508 | D:5      | Your scales start taking on a lurid green colour.
  5508 | D:5      | Gained mutation: Your system is resistant to poisons. [draconian maturity]
  5508 | D:5      | Reached XP level 7. HP: 35/52 MP: 12/12
  5627 | D:5      | Reached skill level 7 in Unarmed Combat
  5983 | D:5      | Found a sparkling altar of Nemelex Xobeh.
  5984 | D:5      | Found a basalt altar of Yredelemnul.
  6056 | D:5      | Reached skill level 5 in Transmutations
  6227 | D:5      | Found a snail-covered altar of Cheibriados.
  7031 | D:5      | Reached skill level 8 in Unarmed Combat
  7249 | D:5      | Gained mutation: Your spells are a little harder to cast, but a little more powerful. [potion of beneficial mutation]
  7433 | D:6      | Reached XP level 8. HP: 53/59 MP: 13/13
  7769 | D:6      | Reached skill level 9 in Unarmed Combat
  8458 | D:6      | Acquired Sif Muna's first power
  9625 | D:7      | Noticed a moth of wrath
  9630 | D:7      | Found a bloodstained altar of Trog.
  9983 | D:7      | HP: 2/59 [orange rat (9)]
  9984 | D:7      | Slain by an orange rat

Action                   |  1- 3 |  4- 6 |  7- 9 || total
-------------------------+-------+-------+-------++-------
Melee: Unarmed           |   211 |    81 |    24 ||   316
       Spear             |       |   142 |   385 ||   527
       Mace              |       |       |    38 ||    38
Throw: Dart              |       |       |     3 ||     3
 Cast: Beastly Appendage |    10 |    12 |    14 ||    36
       Spider Form       |       |     1 |     2 ||     3
       Sticks to Snakes  |       |       |     6 ||     6
  Use: Potion            |       |     6 |     5 ||    11
       Scroll            |       |     5 |       ||     5
 Stab: Sleeping          |       |     2 |     3 ||     5
       Distracted        |       |     1 |       ||     1
